 Dungeon Crawl Stone Soup version 0.28-a0-664-gc179e30c89 (webtiles) character file.

Game seed: 3650001387492059722

95 voltaire321 the Skirmisher (level 4, -3/37 HPs)
             Began as a Demonspawn Monk on Oct 15, 2021.
             Slain by an orc wizard (6 damage)
             ... on level 3 of the Dungeon.
             The game lasted 00:04:46 (2688 turns).

voltaire321 the Skirmisher (Demonspawn Monk)        Turns: 2688, Time: 00:04:47

Health: -3/37      AC:  2    Str: 11    XL:     4   Next: 39%
Magic:  4/4        EV: 13    Int: 12    God:
Gold:   116        SH:  0    Dex: 16    Spells: 3/3 levels left

rFire   . . .      SeeInvis .   a - +0 falchion
rCold   . . .      Faith    .   (no shield)
rNeg    . . .      Spirit   .   b - +0 robe
rPois   .          Reflect  .   (helmet restricted)
rElec   .          Harm     .   (no cloak)
rCorr   .          Rampage  .   (no gloves)
Will    .....                   (no boots)
Stlth   ++........              f - amulet of magic regeneration
HPRegen 0.12/turn               (no ring)
MPRegen 0.34/turn               (no ring)

@: no status effects
A: horns 1
a: no special abilities


You were on level 3 of the Dungeon.
You visited 1 branch of the dungeon, and saw 3 of its levels.

You collected 116 gold pieces.

Inventory:

Hand Weapons
 a - a +0 falchion (weapon)
Missiles
 h - 13 poisoned darts (quivered)
Armour
 b - a +0 robe (worn)
Jewellery
 f - an amulet of magic regeneration (around neck)
Scrolls
 d - 5 scrolls of identify {unknown}
 g - a scroll of teleportation {unknown}
 j - a scroll of magic mapping {unknown}
Potions
 c - a potion of flight {unknown}
 e - a potion of curing {unknown}
 i - a potion of degeneration {unknown}


   Skills:
 + Level 3.9 Fighting
 + Level 3.5 Long Blades
 + Level 3.5 Dodging
 - Level 1.7 Stealth


You had 3 spell levels left.
You didn't know any spells.
Your spell library contained the following spells:

 Spells                   Type           Power      Damage    Failure   Level
 Beastly Appendage        Tmut           0%         N/A       32%         1
 Freeze                   Ice            0%         1d3       32%         1
 Frozen Ramparts          Ice            0%         1d2       69%         3
 Hailstorm                Conj/Ice       0%         3d3       97%         4


Dungeon Overview and Level Annotations

Branches:
Dungeon (3/15)

Altars:


Innate Abilities, Weirdness & Mutations

You have a pair of small horns on your head.


Message History

The orc priest is severely wounded.
The orc priest completely misses you.
You hit the orc priest but do no damage.
You headbutt the orc priest, but do no damage.
The orc priest is severely wounded.
The orc wizard casts a spell.
The orc wizard flickers and vanishes!
Deactivating autopickup; reactivate with Ctrl-A.
The orc priest looks braver for a moment.
You barely miss the orc priest.
The orc priest is severely wounded.
The orc priest hits you but does no damage.
You hit the orc priest.
The orc priest is severely wounded.
The orc priest barely misses you.
The orc priest mumbles some strange prayers to Beogh against you.
Beogh smites you!
You hit the orc priest.
You kill the orc priest!
You have reached level 4!
You feel clever.
You slash the orc!
You kill the orc!
You hit the orc but do no damage. The orc hits you with a +0 mace.
* * * LOW HITPOINT WARNING * * *
You closely miss the orc. The orc hits you with a +0 mace!
* * * LOW HITPOINT WARNING * * *
You hit the orc.
The orc is heavily wounded.
The orc barely misses you.
You hit the orc.
The orc is severely wounded.
The orc closely misses you.
You hit the orc but do no damage.
The orc is severely wounded.
The orc barely misses you.
You hit the orc.
You kill the orc!
You hit something. Something hits you.
You die...

############
...S.o{@...#
##########.#
#.# #<# #.#
#.# #.. ###


You could see an orc and a ball python.

Vanquished Creatures
  An orc priest (D:3)
  An adder (D:2)
  2 worms (D:2)
  2 dart slugs (D:1)
  2 orcs (D:3)
  6 endoplasms (D:1)
  A goblin (D:2)
  2 hobgoblins
  2 jackals (D:2)
  6 quokkas
  4 ball pythons
  2 bats (D:2)
  2 frilled lizards
  4 kobolds
  7 rats
44 creatures vanquished.

Notes
Turn   | Place    | Note
-------+----------+-------------------------------------------
     0 | D:1      | voltaire321 the Demonspawn Monk began the quest for the
                  | Orb.
     0 | D:1      | Reached XP level 1. HP: 18/18 MP: 1/1
   380 | D:1      | Gained mutation: You have a pair of small horns on your
                  | head. [demonic ancestry]
   380 | D:1      | Reached XP level 2. HP: 21/24 MP: 2/2
   730 | D:1      | Found a faded altar of an unknown god.
   735 | D:1      | Got Plato's Tome of Transmigration
  1226 | D:2      | Reached XP level 3. HP: 17/29 MP: 3/3
  2681 | D:3      | Reached XP level 4. HP: 15/37 MP: 4/4
  2688 | D:3      | Slain by an orc wizard

Illustrated notes

Levels and vault maps discovered:
D:1:      heliophobic_arrival_enchanted_forest, layout_basic,
          shapermc_ecumenical_altar_rom_forum, minmay_tripent
D:2:      layout_basic, minmay_misc_feat_pillars, minivault_25,
          minmay_close_crescents
D:3:      layout_loops_ring, uniq_crazy_yiuf_cottage, uniq_natasha

Skill      XL: |  1  2 |
---------------+-------+-----
Long Blades    | 3 |  3.5
Dodging        | 3 |  3.5
Fighting       | |  3.9
Stealth        | |  1.7

Action                   |  1- 3 |  4- 6 || total
-------------------------+-------+-------++-------
Melee: Falchion          |   119 |     8 ||   127
       Headbutt          |    12 |       ||    12
 Stab: Sleeping          |     6 |       ||     6
Armor: Robe              |     9 |       ||     9
Dodge: Dodged            |    63 |     3 ||    66

Table legend: (Time is in decaauts)
 A = Elapsed time spent in this place.
 B = Non-inter-level travel time spent in this place.
 C = Inter-level travel time spent in this place.
 D = Time resting spent in this place.
 E = Time spent auto-exploring this place.
 F = Levels seen in this place.
 G = Mean time per level.
                   A        B        C        D        E       F      G
               +--------+--------+--------+--------+--------+-----+--------+
         Total |   2704 |   2704 |      0 |    834 |   1454 |   3 |  901.3 |
       Dungeon |   2704 |   2704 |      0 |    834 |   1454 |   3 |  901.3 |
               +--------+--------+--------+--------+--------+-----+--------+

Top non-repeatable levels by time:
     D:2: 1497 daAuts
     D:1: 1182 daAuts
     D:3: 24 daAuts
